 Dungeon Crawl Stone Soup version 0.27-a0-148-g9515ab555c (webtiles) character file.

Game seed: 14790588071383971173

140 knot the Chopper (level 5, 26/61 HPs)
             Began as a Demonspawn Berserker on Jan 27, 2021.
             Was a Believer of Trog.
             Quit the game on level 3 of the Dungeon.
             The game lasted 00:01:49 (2619 turns).

knot the Chopper (Demonspawn Berserker)             Turns: 2619, Time: 00:01:50

Health: 26/61      AC:  2    Str: 18    XL:     5   Next: 2%
Magic:  5/5        EV: 12    Int:  9    God:    Trog [**....]
Gold:   110        SH:  5    Dex: 14    Spells: 4/4 levels left

rFire    + . .     SeeInvis .   a - +0 hand axe
rCold    . . .     Faith    .   (no shield)
rNeg     . . .     Spirit   .   b - +0 animal skin
rPois    .         Reflect  +   (helmet restricted)
rElec    .         Harm     .   (no cloak)
rCorr    .         Rampage  .   (no gloves)
Will     ++...                  (no boots)
Stlth    ..........             k - amulet of reflection
HPRegen  1.20/turn              g - ring of protection from fire
MPRegen  0.18/turn              (no ring)

@: berserking, regenerating, very quick
A: horns 1, thin skeletal structure 1, magic regeneration
a: Renounce Religion, Berserk, Trog's Hand


You were on level 3 of the Dungeon.
You worshipped Trog.
Trog was pleased with you.
You visited 1 branch of the dungeon, and saw 3 of its levels.

You collected 110 gold pieces.

Inventory:

Hand Weapons
 a - a +0 hand axe (weapon)
Missiles
 f - 31 stones
 j - 34 sling bullets
 n - 17 poisoned darts
Armour
 b - a +0 animal skin (worn)
Magical Staves
 m - an uncursed staff of fire {unknown}
Jewellery
 g - a ring of protection from fire (left hand)
 k - an amulet of reflection (around neck)
Scrolls
 c - a scroll of enchant armour {unknown}
 e - 2 scrolls of blinking {unknown}
 h - 4 scrolls of identify {unknown}
 l - a scroll of teleportation {unknown}
Potions
 d - a potion of brilliance {unknown}
 i - a potion of curing {unknown}


   Skills:
 - Level 3.0 Fighting
 + Level 5.2 Axes
 - Level 1.7 Armour
 - Level 1.7 Dodging


You had 4 spell levels left.
You didn't know any spells.
Your spell library was empty.

Dungeon Overview and Level Annotations

Branches:
Dungeon (3/15)

Altars:


Innate Abilities, Weirdness & Mutations

You have a pair of small horns on your head.
You have a somewhat thin skeletal structure. (Dex +2, Stealth)
You regenerate magic rapidly.


Message History

The gnoll hits you from afar with a +0 spear!
The gnoll closely misses you.
Unknown command.
You see here 5 gold pieces.
Things that are here:
a +0 club; a hobgoblin corpse Your skin crawls.
You feel strong-willed. The gnoll hits you with a +0 flail!
A red film seems to cover your vision as you go berserk!
You feel yourself moving faster!
You feel mighty! The gnoll hits you with a +0 flail!
You barely miss the gnoll. You slash the gnoll! You headbutt the gnoll.
You kill the gnoll!
Trog accepts your kill.
You have reached level 5!
Your demonic ancestry asserts itself...
Your bones become slightly less dense.
Are you sure you want to abandon this character and quit the game? (Confirm with "yes".)

#........# #........#####
#.............
#........######. .#
#.$....$.#...... #.#
#####......# #.###
#....).# #.##.
#......###############.##.
#......gg@................
#.....####...........#....
#....................'....
#.....####...........#....
#....?# #...........#....
#.....# #...........#...†
####### #...........#...#
#..........)#...#
#...........#...#


You could see 2 gnolls.

Vanquished Creatures
  A howler monkey (D:2)
  A gnoll (D:3)
  An adder (D:2)
  An ooze (D:1)
  2 worms (D:2)
  2 dart slugs
  7 leopard geckos
  An orc (D:3)
  A ball python (D:2)
  4 giant cockroaches
  6 goblins
  6 hobgoblins
  5 jackals
  7 kobolds
  A quokka (D:2)
  9 bats
  A frilled lizard (D:2)
  2 rats
58 creatures vanquished.

Notes
Turn   | Place    | Note
-------+----------+-------------------------------------------
     0 | D:1      | knot the Demonspawn Berserker began the quest for the Orb.
     0 | D:1      | Reached XP level 1. HP: 18/18 MP: 1/1
    92 | D:1      | Reached skill level 3 in Axes
   128 | D:1      | Gained mutation: You regenerate magic rapidly. [demonic
                  | ancestry]
   128 | D:1      | Reached XP level 2. HP: 17/24 MP: 2/2
   811 | D:1      | Reached XP level 3. HP: 26/29 MP: 3/3
   817 | D:1      | Reached ** piety under Trog
   825 | D:1      | Reached skill level 4 in Axes
  1946 | D:2      | Gained mutation: You have a pair of small horns on your
                  | head. [demonic ancestry]
  1946 | D:2      | Reached XP level 4. HP: 30/35 MP: 4/4
  2077 | D:2      | Reached skill level 5 in Axes
  2619 | D:3      | Gained mutation: You have a somewhat thin skeletal
                  | structure. (Dex +2, Stealth) [demonic ancestry]
  2619 | D:3      | Reached XP level 5. HP: 26/41 MP: 5/5
  2619 | D:3      | Quit the game

Illustrated notes

Levels and vault maps discovered:
D:1:      ebering_hopf_link, layout_basic
D:2:      layout_basic, minivault_24
D:3:      layout_basic

Skill      XL: |  1  2  3  4 |
---------------+-------------+-----
Axes           | 3 4 5 |  5.2
Fighting       | |  3.0
Armour         | |  1.7
Dodging        | |  1.7

Action                   |  1- 3 |  4- 6 || total
-------------------------+-------+-------++-------
Melee: Hand axe          |   121 |    60 ||   181
       Headbutt          |       |    12 ||    12
Invok: Berserk           |     5 |     2 ||     7
       Trog's Hand       |       |     1 ||     1
Armor: Animal skin       |    13 |    12 ||    25
Dodge: Dodged            |   110 |    39 ||   149
Block: Other             |       |     6 ||     6

Table legend: (Time is in decaauts)
 A = Elapsed time spent in this place.
 B = Non-inter-level travel time spent in this place.
 C = Inter-level travel time spent in this place.
 D = Time resting spent in this place.
 E = Time spent auto-exploring this place.
 F = Levels seen in this place.
 G = Mean time per level.
                   A        B        C        D        E       F      G
               +--------+--------+--------+--------+--------+-----+--------+
         Total |   2697 |   2669 |     28 |    801 |   1480 |   3 |  899.0 |
       Dungeon |   2697 |   2669 |     28 |    801 |   1480 |   3 |  899.0 |
               +--------+--------+--------+--------+--------+-----+--------+

Top non-repeatable levels by time:
     D:1: 1439 daAuts
     D:2: 1071 daAuts
     D:3: 186 daAuts
